 Dungeon Crawl Stone Soup version 0.31-a0-854-g362426d53f (webtiles) character file.

Game seed: 224408623273337337

408 Fodor the Covered (level 6, -1/53 HPs)
             Began as a Minotaur Fighter on Oct 8, 2023.
             Slain by a killer bee (5 damage)
             ... on level 4 of the Dungeon.
             The game lasted 00:12:40 (2709 turns).

Fodor the Covered (Minotaur Fighter)                Turns: 2709, Time: 00:12:41

Health: -1/53      AC: 10    Str: 23    XL:     6   Next: 57%
Magic:  5/5        EV: 10    Int:  5    God:
Gold:   165        SH:  0    Dex:  9    Spells: 5/5 levels left

rFire   . . .        p - +0 scythe
rCold   . . .        (shield currently unavailable)
rNeg    . . .        b - +0 scale mail
rPois   .            (helmet restricted)
rElec   .            (no cloak)
rCorr   .            (no gloves)
SInv    .            m - +2 pair of boots
Will    .....        (no amulet) Stlth
                     l - ring of flight
HPRegen 0.28/turn    (no ring)
MPRegen 0.09/turn

%: no passive effects
@: flying, invisible
A: horns 2, retaliatory headbutt
a: no special abilities


You were on level 4 of the Dungeon.
You visited 1 branch of the dungeon, and saw 4 of its levels.

You collected 165 gold pieces.

Inventory:

Hand Weapons
 k - a +0 flail
 p - a +0 scythe (weapon)
Missiles
 f - 17 poisoned darts (quivered)
Armour
 b - a +0 scale mail (worn)
 c - a +0 buckler
 m - a +2 pair of boots (worn)
Jewellery
 l - a ring of flight (left hand)
Wands
 o - a wand of paralysis (3)
 s - a wand of roots (19)
Scrolls
 g - 4 scrolls of teleportation {unknown}
 i - 2 scrolls of enchant armour {unknown}
 n - 2 scrolls of fear {unknown}
 r - 4 scrolls of identify {unknown}
 t - a scroll of brand weapon {unknown}
 u - a scroll of silence {unknown}
Potions
 a - a potion of heal wounds {unknown}
 d - a potion of might
 e - a potion of invisibility
 h - a potion of curing
 j - 2 potions of enlightenment {unknown}
 q - a potion of lignification {unknown}


   Skills:
 + Level 4.4 Fighting
 + Level 2.9 Long Blades
 + Level 4.8 Maces & Flails
 + Level 1.2 Polearms
 + Level 5.3 Armour
 + Level 1.3 Dodging
 + Level 0.3 Stealth
 + Level 4.7 Shields


You had 5 spell levels left.
You didn't know any spells.
Your spell library contained the following spells:

 Spells                   Type           Power      Damage    Failure   Level
 Volatile Blastmotes      Fire/Tloc      0%         2d10      98%         3
 Fulminant Prism          Conj/Hex       0%         3d5       100%        4
 Iskenderun's Mystic Bla  Conj/Tloc      0%         2d3       100%        4


Dungeon Overview and Level Annotations

Branches:
Dungeon (4/15)
 Temple: D:4-7

Altars:


Innate Abilities, Weirdness & Mutations

You have a pair of horns on your head.
You reflexively headbutt those who attack you in melee.


Message History

The killer bee closely misses you. The killer bee stings you.
The killer bee barely misses you.
You closely miss the killer bee. Your headbutt misses the killer bee.
You feel sick. The killer bee stings you.
You are more poisoned.
The killer bee poisons you! The killer bee barely misses you.
The killer bee stings you but does no damage.
The killer bee stings you. The killer bee misses you.
The killer bee stings you but does no damage.
You miss the killer bee.
You feel very sick. The killer bee barely misses you.
The killer bee closely misses you. You furiously retaliate!
You headbutt the killer bee! The killer bee closely misses you.
The killer bee barely misses you. The killer bee stings you.
The killer bee stings you but does no damage.
You closely miss the killer bee. You headbutt the killer bee.
You kill the killer bee!
You feel very sick. The killer bee closely misses you. You furiously retaliate!
You headbutt the killer bee! The killer bee stings you!
The killer bee completely misses you. The killer bee closely misses you.
The killer bee stings you!
You barely miss the killer bee. Your headbutt misses the killer bee.
You feel sick. The killer bee stings you!
* * * LOW HITPOINT WARNING * * *
The killer bee stings you but does no damage.
The killer bee completely misses you. The killer bee closely misses you.
The killer bee stings you.
* * * LOW HITPOINT WARNING * * *
The killer bee stings you but does no damage.
It was a potion of invisibility.
You fade into invisibility!
You feel sick.
The killer bee stings you but does no damage. x2
The killer bee misses you. The killer bee closely misses you.
It was a potion of curing.
You feel better. The killer bee stings you.
* * * LOW HITPOINT WARNING * * *
The killer bee stings you.
You die...

###....##..# #.####
.##...#.#..# ##...#
###.####...# #.### .
#.# #...# ##.# ..
###.## #..#####.## ..#
.....####.......# ...#
...##..#.#####..## ...#
.####....# ##.y##...#
..#......# #..@y....#
......##.####...##....#
#..#####......###
....... ...#####....###
......# ............#
..#.... ...###...##..#
..#.... ..## ###.# #..#
... ### ..# #.# ##..
... ..# ... #.


You could see 2 killer bees.

Vanquished Creatures
  Sigmund (D:3)
  A killer bee (D:4)
  Ijyb (D:3)
  Natasha (thrice) (D:3)
  Robin (D:3)
  3 adders
  A shadow imp (D:4)
  A worm (D:3)
  2 dart slugs
  3 orcs
  5 ball pythons
  4 bats
  6 endoplasms
  4 giant cockroaches
  5 goblins
  9 hobgoblins
  2 jackals (D:3)
  3 quokkas
  3 frilled lizards
  2 kobolds
  4 rats
64 creatures vanquished.

Notes
Turn   | Place    | Note
-------+----------+-------------------------------------------
     0 | D:1      | Fodor the Minotaur Fighter began the quest for the Orb.
     0 | D:1      | Reached XP level 1. HP: 19/19 MP: 0/0
   149 | D:1      | Reached XP level 2. HP: 27/27 MP: 1/1
   435 | D:1      | Reached skill level 4 in Armour
   719 | D:2      | Reached XP level 3. HP: 26/33 MP: 2/2
  1253 | D:2      | Reached skill level 1 in Maces & Flails
  1710 | D:3      | Noticed Robin
  1711 | D:3      | Noticed Ijyb
  1712 | D:3      | Paralysed by Ijyb for 5 turns
  1715 | D:3      | Noticed Sigmund
  1725 | D:3      | Paralysed by Ijyb for 3 turns
  1728 | D:3      | Killed Ijyb
  1729 | D:3      | Reached XP level 4. HP: 27/40 MP: 3/3
  1750 | D:3      | Killed Sigmund
  1751 | D:3      | Reached skill level 5 in Armour
  1751 | D:3      | Reached skill level 1 in Dodging
  1751 | D:3      | Reached XP level 5. HP: 21/46 MP: 4/4
  1754 | D:3      | Killed Robin
  1860 | D:3      | Reached XP level 6. HP: 40/52 MP: 5/5
  1977 | D:3      | Noticed Natasha
  1986 | D:3      | Killed Natasha
  2052 | D:3      | Noticed Natasha
  2071 | D:3      | Killed Natasha
  2127 | D:3      | Noticed Natasha
  2133 | D:3      | Killed Natasha
  2186 | D:3      | Reached skill level 1 in Polearms
  2709 | D:4      | Slain by a killer bee

Illustrated notes

Levels and vault maps discovered:
D:1:      tarquinn_simple_flora_water_b, layout_basic,
          dreamdust_mushroom_princess
D:2:      layout_loops_corners
D:3:      layout_rooms, nicolae_goblin_pals, uniq_natasha, uniq_sigmund
D:4:      layout_layer_cave

Skill      XL: |  1  2  3  4  5  6 |
---------------+-------------------+-----
Shields        | 4 |  4.7
Fighting       | 4 |  4.4
Armour         | 4 5 |  5.3
Maces & Flails | 2 3 4 |  4.8
Dodging        | 1 |  1.3
Polearms       | 1 |  1.2
Long Blades    | |  2.9
Stealth        | |  0.3

Action                     |  1- 3 |  4- 6 || total
---------------------------+-------+-------++-------
  Melee: Long sword        |    53 |       ||    53
         Headbutt          |    16 |    19 ||    35
         Flail             |    48 |    26 ||    74
         Halberd           |       |    45 ||    45
  Throw: Dart              |     1 |       ||     1
    Use: Potion            |       |     2 ||     2
 Armour: Scale mail        |    81 |    73 ||   154
  Dodge: Dodged            |    52 |    56 ||   108
  Block: Buckler           |    29 |     4 ||    33

Table legend: (Time is in decaauts)
 A = Elapsed time spent in this place.
 B = Non-inter-level travel time spent in this place.
 C = Inter-level travel time spent in this place.
 D = Time resting spent in this place.
 E = Time spent auto-exploring this place.
 F = Levels seen in this place.
 G = Mean time per level.
                   A        B        C        D        E       F      G
               +--------+--------+--------+--------+--------+-----+--------+
         Total |   2770 |   2732 |     38 |    206 |      0 |   4 |  692.5 |
       Dungeon |   2770 |   2732 |     38 |    206 |      0 |   4 |  692.5 |
               +--------+--------+--------+--------+--------+-----+--------+

Top non-repeatable levels by time:
     D:2: 991 daAuts
     D:3: 787 daAuts
     D:1: 710 daAuts
     D:4: 281 daAuts
